 Dungeon Crawl Stone Soup version 0.28-a0-1382-g92835e5c71 (webtiles) character file.

Game seed: 11731687181374837749

33 nomicflux the Conjurer (level 3, -2/27 HPs)
             Began as a Draconian Conjurer on Jan 1, 2022.
             Was a Follower of the Shining One.
             Slain by a black bear (3 damage)
             ... on level 2 of the Dungeon.
             The game lasted 00:03:15 (1751 turns).

nomicflux the Conjurer (Draconian Conjurer)         Turns: 1751, Time: 00:03:15

Health: -2/27      AC:  5    Str:  9    XL:     3   Next: 12%
Magic:  1/6        EV: 12    Int: 20    God:    the Shining One [*.....]
Gold:   92         SH:  0    Dex:  9    Spells: 3/6 levels left

rFire   . . .      SeeInvis .   (no weapon)
rCold   . . .      Faith    .   (no shield)
rNeg    . . .      Spirit   .   (armour unavailable)
rPois   .          Reflect  .   (helmet restricted)
rElec   .          Harm     .   (no cloak)
rCorr   .          Rampage  .   (no gloves)
Will    .....                   (no boots)
Stlth   +.........              (no amulet)
HPRegen 0.09/turn               (no ring)
MPRegen 0.10/turn               (no ring)

@: glowing
A: AC +5, unfitting armour, cold-blooded
a: Renounce Religion, Divine Shield


You were on level 2 of the Dungeon.
You worshipped the Shining One.
The Shining One was aware of your devotion.
You visited 1 branch of the dungeon, and saw 2 of its levels.

You collected 92 gold pieces.

Inventory:

Scrolls
 a - 4 scrolls of identify {unknown}
 b - 2 scrolls of enchant weapon {unknown}
 c - a scroll of enchant armour {unknown}
 d - a scroll of brand weapon {unknown}
 f - a scroll of fog {unknown}
Potions
 e - a potion of flight {unknown}


   Skills:
 * Level 0.9 Fighting
 - Level 1.7 Dodging
 - Level 1.7 Stealth
 + Level 0.1 Unarmed Combat
 + Level 2.1 Spellcasting
 + Level 4.8 Conjurations


You had 3 spell levels left.
You knew the following spells:

 Your Spells              Type           Power      Damage    Failure   Level
a - Magic Dart            Conj           84%        1d7       2%          1
b - Searing Ray           Conj           42%        2d6       3%          2

Your spell library contained the following spells:

 Spells                   Type           Power      Damage    Failure   Level
 Dazzling Flash           Conj/Hex       22%        N/A       17%         3
 Fulminant Prism          Conj/Hex       5%         3d7       50%         4
 Iskenderun's Mystic Bla  Conj/Tloc      11%        2d4       50%         4


Dungeon Overview and Level Annotations

Branches:
Dungeon (2/15)

Altars:
The Shining One


Innate Abilities, Weirdness & Mutations

Your plain brown scales are hard. (AC +5)
You cannot fit into any form of body armour.
You are cold-blooded and may be slowed by cold attacks.


Message History

The searing ray hits the black bear!
The black bear is moderately wounded. (Press . to maintain the ray.)
The searing ray hits the black bear.
The black bear is moderately wounded.
The searing ray hits the black bear!
The black bear is severely wounded.
The searing ray hits the black bear.
The black bear is severely wounded.
You finish channelling your searing ray.
The black bear barely misses you. The black bear claws you.
The black bear barely misses you.
Casting: Searing Ray (safe; 3% risk of failure)
Confirm with . or Enter, or press ? or * to list all spells.
You don't have enough magic to cast this spell.
Casting: Searing Ray (safe; 3% risk of failure)
Confirm with . or Enter, or press ? or * to list all spells.
Aiming: Magic Dart (safe; 2% risk of failure)
Press: ? - help, Shift-Dir - straight line, f/p - black bear
Aim: a black bear (severely wounded, haloed, 100% to hit)
The magic dart hits the black bear.
The black bear is almost dead.
The black bear bites you! The black bear claws you.
The black bear claws you but does no damage.
The black bear goes berserk!
You see here a +0 pair of gloves.
You barely miss the black bear.
The black bear is almost dead.
The black bear bites you! The black bear claws you.
The black bear barely misses you.
The black bear rages.
The black bear bites you.
* * * LOW HITPOINT WARNING * * *
The black bear claws you.
* * * LOW HITPOINT WARNING * * *
The black bear claws you but does no damage.
The black bear barely misses you.
The black bear claws you but does no damage.
The black bear claws you.
You die...

.##.#.# #.# #.# #.##.#
.##.#.###.######.# #.##.#
.##.#.#.......##.#######.##.#
.##.#.#.#.#.#............##.#
......#.#.#.####.#..#######.#
......#.#.#.# #.#.<# #.#
........#.#.# #.#..# ###.#
......#.#.#.####.#..#####...#
.....##.#.#.....@h...[.##.###
.##.###.#........#####.##.##
........###................#
#######.#
#.##########.##..#####
#######.###.# #.........#
..##......#.# ####..###.#
..#.........# #..#
.....≈≈≈≈...# #..##
##...≈≈≈≈8..# #...#


You could see a black bear (berserk).

Vanquished Creatures
  A dart slug (D:2)
  3 endoplasms
  A giant cockroach (D:2)
  3 hobgoblins (D:2)
  A quokka (D:1)
  4 ball pythons
  5 bats
  A frilled lizard (D:1)
  3 goblins (D:1)
  4 kobolds (D:1)
  A rat (D:1)
27 creatures vanquished.

Vanquished Creatures (others)
  2 plants (D:1)
2 creatures vanquished.

Grand Total: 29 creatures vanquished

Notes
Turn   | Place    | Note
-------+----------+-------------------------------------------
     0 | D:1      | nomicflux the Draconian Conjurer began the quest for the
                  | Orb.
     0 | D:1      | Reached XP level 1. HP: 14/14 MP: 3/3
   236 | D:1      | Reached XP level 2. HP: 22/22 MP: 1/5
   450 | D:1      | Learned a level 2 spell: Searing Ray
   504 | D:1      | Found a faded altar of an unknown god.
   515 | D:1      | Prayed at the altar of an unknown god.
   515 | D:1      | Became a worshipper of the Shining One
   515 | D:1      | Reached * piety under the Shining One
  1504 | D:2      | Reached XP level 3. HP: 27/27 MP: 3/6
  1720 | D:2      | Noticed a black bear
  1749 | D:2      | HP: 1/27 [black bear (6)]
  1751 | D:2      | Slain by a black bear

Illustrated notes

Levels and vault maps discovered:
D:1:      dpeg_arrival_pits, layout_rooms, shapermc_ecumenical_altar_gd,
          serial_rivers, chequers_serial_rivers_micro_b,
          chequers_serial_rivers_small_a, chequers_serial_rivers_marsh,
          chequers_serial_rivers_large_b, nrook_loot_triangle,
          serial_bayou_pond_c, nicolae_concentric_dashed_squares_wild
D:2:      layout_loops_ring, serial_park_tiny_pond

Action                   || total
-------------------------++-------
Melee: Unarmed           ||    18
 Cast: Magic Dart        ||    33
       Searing Ray       ||     9
Armor: Skin              ||     9
Dodge: Dodged            ||    16

Table legend: (Time is in decaauts)
 A = Elapsed time spent in this place.
 B = Non-inter-level travel time spent in this place.
 C = Inter-level travel time spent in this place.
 D = Time resting spent in this place.
 E = Time spent auto-exploring this place.
 F = Levels seen in this place.
 G = Mean time per level.
                   A        B        C        D        E       F      G
               +--------+--------+--------+--------+--------+-----+--------+
         Total |   1793 |   1793 |      0 |    387 |   1199 |   2 |  896.5 |
       Dungeon |   1793 |   1793 |      0 |    387 |   1199 |   2 |  896.5 |
               +--------+--------+--------+--------+--------+-----+--------+

Top non-repeatable levels by time:
     D:1: 1023 daAuts
     D:2: 769 daAuts
